AoeStats
← luzAK-47

Black Forest

509175465Analyzed
4v4 RM · 6d ago on Sep 25, 2026· 33m 46s· 8 players
Game mode
Random Map
Map size
Large (8 player)
Population
200
Speed
Normal
Resources
Standard
Victory
Conquest
Starting age
Dark Age
Ending age
Imperial Age
RankedLock teamsTeams togetherTeam positionsShared explorationLock speedFull tech treeHidden civsTurbo modeCheats
Victory
Defeat
🇷🇺 Teutons · Russia
1111
+14
🇳🇱 Malians · Netherlands
1108
+14
🇵🇱 Britons · Poland
1085
+15
🇬🇧 Saxons · United Kingdom
1072
+36
🇵🇪 Armenians · Peru
1081
-15
🇧🇷 Cumans · Brazil
1063
-15
🇭🇰 Bohemians · Hong Kong SAR China
1057
-14
🇫🇷 Danes · France
1052
-14
DM
2:55 Loom
10:15 Feudal Age
11:12 Double-Bit Axe
11:08 Horse Collar
16:38 Castle Age
16:41 Scale Barding Armor
17:42 Chain Barding Armor
24:33 Wheelbarrow
25:04 Gold Mining
25:18 Heavy Plow
25:29 Bow Saw
27:27 Forging
27:49 Bloodlines
28:53 Iron Casting
29:09 Stone Mining
31:22 Stone Shaft Mining
32:36 Hand Cart
33:30 Town Watch
33:39 Town Watch
kPL
6:39 Loom
8:48 Feudal Age
9:19 Double-Bit Axe
14:41 Wheelbarrow
14:36 Town Watch
19:06 Castle Age
20:00 Bow Saw
21:21 Sanctity
23:39 Horse Collar
24:33 Redemption
26:20 Heavy Plow
28:16 Hand Cart
28:45 Town Patrol
29:13 Gold Mining
30:42 Town Patrol
33:25 Imperial Age
31:47 Stone Mining
34:17 Gold Shaft Mining
33:45 Scale Mail Armor
35:10 Chemistry
34:16 Town Patrol
Marietje Toch
1:17 Loom
11:23 Feudal Age
12:04 Horse Collar
12:11 Double-Bit Axe
12:45 Gold Mining
17:54 Castle Age
22:37 Heavy Plow
24:50 Forging
24:30 Fletching
25:42 Wheelbarrow
27:36 Bow Saw
27:52 Stone Mining
31:59 Imperial Age
29:46 Town Watch
30:17 Hand Cart
31:09 Iron Casting
30:39 Scale Barding Armor
30:36 Scale Mail Armor
31:03 Ballistics
31:29 Town Patrol
31:43 Masonry
31:14 Treadmill Crane
31:59 Husbandry
32:11 Bloodlines
32:43 Cavalier
33:45 Farimba
luzAK-47
2:18 Loom
11:51 Feudal Age
16:12 Castle Age
14:27 Horse Collar
14:43 Double-Bit Axe
30:54 Heavy Plow
31:09 Bow Saw
35:14 Imperial Age
33:38 Ballistics
33:14 Fletching
33:24 Padded Archer Armor
jochizan
1:04 Loom
12:35 Feudal Age
13:20 Man-at-Arms
17:54 Castle Age
16:53 Double-Bit Axe
16:50 Horse Collar
18:04 Forging
19:38 Wheelbarrow
20:20 Gambesons
24:59 Bow Saw
25:09 Scale Mail Armor
25:45 Long Swordsman
26:26 Squires
26:36 Pikeman
28:27 Halberdier
30:21 Two-Handed Swordsman
32:34 Iron Casting
Tektø
11:16 Feudal Age
11:49 Double-Bit Axe
11:45 Horse Collar
18:17 Castle Age
16:22 Stone Mining
18:36 Loom
20:21 Wheelbarrow
20:42 Forging
20:33 Scale Mail Armor
21:57 Wheelbarrow
23:09 Iron Casting
23:09 Bow Saw
23:40 Heavy Plow
27:43 Hand Cart
xX_Miliano_Xx
0:28 Loom
12:45 Feudal Age
13:23 Horse Collar
13:31 Double-Bit Axe
18:15 Gold Mining
20:19 Wheelbarrow
20:04 Fletching
22:53 Padded Archer Armor
26:13 Castle Age
26:44 Capped Ram
26:58 Crossbowman
27:35 Bodkin Arrow
27:59 Leather Archer Armor
27:05 Pikeman
27:59 Heavy Plow
29:09 Bow Saw
29:24 Scale Mail Armor
30:30 Forging
31:33 Thumb Ring
32:01 Chain Mail Armor
33:37 Squires
code monkey HK
1:27 Loom
15:26 Feudal Age
29:21 Castle Age
Connection lost

Rejoining the realm…

Still unreachable

The connection could not be restored.

Session expired

The server has moved on; the page needs a fresh start.